 Dungeon Crawl Stone Soup version 0.27-a0-1200-g94dc6ad4cf (webtiles) character file.

Game seed: 17259827045238563185

613 Azzok the Chopper (level 7, 15/78 HPs)
             Began as a Demonspawn Berserker on May 30, 2021.
             Was a Believer of Trog.
             Quit the game on level 5 of the Dungeon.
             The game lasted 00:03:16 (4614 turns).

Azzok the Chopper (Demonspawn Berserker)            Turns: 4614, Time: 00:03:16

Health: 15/78      AC: 11    Str: 19    XL:     7   Next: 20%
Magic:  7/7        EV:  7    Int:  8    God:    Trog [**....]
Gold:   210        SH:  0    Dex: 13    Spells: 6/6 levels left

rFire    . . .     SeeInvis .   r - +2 flail (drain)
rCold    . . .     Faith    .   (no shield)
rNeg     . . .     Spirit   .   o - +0 chain mail
rPois    .         Reflect  .   (helmet restricted)
rElec    .         Harm     .   (no cloak)
rCorr    .         Rampage  .   i - +0 pair of gloves
Will     .....                  (no boots)
Stlth    ..........             (no amulet)
HPRegen  0.23/turn              (no ring)
MPRegen  0.10/turn              (no ring)

@: berserking, seriously poisoned (15 -> 2), very quick
A: antennae 1, molten scales 1, demonic guardian 1
a: Renounce Religion, Berserk, Trog's Hand


You were on level 5 of the Dungeon.
You worshipped Trog.
Trog was pleased with you.
You visited 1 branch of the dungeon, and saw 5 of its levels.

You collected 210 gold pieces.

Inventory:

Hand Weapons
 a - a +0 hand axe
 r - a +2 flail of draining (weapon)
Armour
 i - a +0 pair of gloves (worn)
 o - a +0 chain mail (worn)
Jewellery
 s - an amulet of the acrobat
 u - an amulet of guardian spirit
Wands
 m - a wand of digging (2)
Scrolls
 b - a scroll of amnesia {unknown}
 c - a scroll of brand weapon {unknown}
 d - 2 scrolls of identify {unknown}
 j - a scroll of acquirement {unknown}
 k - a scroll of teleportation {unknown}
 l - a scroll of noise {unknown}
 n - a scroll of fear {unknown}
 t - a scroll of magic mapping {unknown}
Potions
 e - 3 potions of degeneration {unknown}
 f - a potion of curing {unknown}
 g - a potion of might {unknown}
 h - 3 potions of brilliance {unknown}
 p - a potion of berserk rage {unknown}
 q - a potion of mutation {unknown}


   Skills:
 - Level 3.0 Fighting
 + Level 7.7 Axes
 - Level 1.7 Armour
 - Level 1.7 Dodging


You had 6 spell levels left.
You didn't know any spells.
Your spell library was empty.

Dungeon Overview and Level Annotations

Branches:
Dungeon (5/15)
 Temple: D:4-7

Altars:
Ashenzari
Wu Jian

Annotations:
D:5 1 runed translucent door, Crazy Yiuf


Innate Abilities, Weirdness & Mutations

You have a pair of small antennae on your head.
You are partially covered in molten scales. (AC +2)
A weak demonic guardian rushes to your aid.


Message History

The puff of flame hits you.
Sigmund points at himself and mumbles some strange words.
Sigmund flickers and vanishes!
Deactivating autopickup; reactivate with Ctrl-A.
Something hits you!
You are poisoned.
You barely miss something.
You feel very sick. Something hits you.
You are lethally poisoned!
A red film seems to cover your vision as you go berserk!
You feel yourself moving faster!
You feel mighty!
You feel very sick.
You hear some strange, mumbled words.
A magic dart appears from out of thin air!
The magic dart hits you but does no damage.
You barely miss something.
You feel very sick. Something hits you but does no damage.
You are lethally poisoned!
You sock something!
* * * LOW HITPOINT WARNING * * *
You feel very sick.
You closely miss something.
* * * LOW HITPOINT WARNING * * *
You feel very sick.
You hear some strange, mumbled words.
A magic dart appears from out of thin air!
The magic dart hits you but does no damage.
You bludgeon something!! Trog accepts your kill.
Trog appreciates your killing of a magic user.
Reactivating autopickup.
You feel a bit more experienced.
* * * LOW HITPOINT WARNING * * *
You feel very sick.
You have reached level 7!
Your demonic ancestry asserts itself...
You feel the presence of a demonic guardian.
Are you sure you want to abandon this character and quit the game? (Confirm with "yes".)

▒·▒ ▒·▒ ▒·▒ ▒╬▒ ▒·▒ ▒·▒
▒·▒ ··▒ ▒·▒ ▒·▒ ▒▒▒ ▒·▒
▒▒▒▒·▒▒
▒·▒▒▒▒▒▒▒▒·····▒▒
▒···············▒
▒▒▒▒▒▒▒▒▒▒·▒···▒▒▒▒▒▒▒▒·
▒·▒··@·······@·
▒····)▒▒▒▒▒▒▒▒▒ ▒▒▒▒▒▒▒


There were no monsters in sight!

Vanquished Creatures
  Sigmund (D:5)
  A sky beast (D:5)
  A howler monkey (D:4)
  A bullfrog skeleton (D:3)
  A hound (D:5)
  An iguana (D:5)
  Natasha (thrice) (D:2)
  3 adders
  8 gnolls
  An adder skeleton (D:4)
  2 worms (D:2)
  4 dart slugs
  5 orcs
  5 bats
  6 endoplasms
  A giant cockroach (D:2)
  4 hobgoblins
  4 jackals (D:4)
  2 quokkas
  3 ball pythons
  3 frilled lizards
  4 goblins
  2 kobolds
  2 rats
68 creatures vanquished.

Notes
Turn   | Place    | Note
-------+----------+-------------------------------------------
     0 | D:1      | Azzok the Demonspawn Berserker began the quest for the Orb.
     0 | D:1      | Reached XP level 1. HP: 18/18 MP: 1/1
   395 | D:1      | Reached skill level 3 in Axes
   534 | D:1      | Gained mutation: You are partially covered in molten
                  | scales. (AC +2) [demonic ancestry]
   534 | D:1      | Reached XP level 2. HP: 21/24 MP: 2/2
  1493 | D:2      | Noticed Natasha
  1501 | D:2      | Killed Natasha
  1502 | D:2      | Reached skill level 4 in Axes
  1502 | D:2      | Gained mutation: You have a pair of small antennae on your
                  | head. [demonic ancestry]
  1502 | D:2      | Reached XP level 3. HP: 12/29 MP: 3/3
  1887 | D:2      | Noticed Natasha
  1894 | D:2      | Killed Natasha
  1895 | D:2      | Reached XP level 4. HP: 35/35 MP: 4/4
  2049 | D:2      | Noticed Natasha
  2056 | D:2      | Killed Natasha
  2309 | D:3      | Reached skill level 5 in Axes
  2435 | D:3      | Reached ** piety under Trog
  2436 | D:3      | Reached XP level 5. HP: 41/41 MP: 5/5
  2671 | D:3      | Found a broken altar of Ashenzari.
  2769 | D:3      | Found a faded altar of an unknown god.
  3469 | D:4      | Reached skill level 6 in Axes
  3469 | D:4      | Reached XP level 6. HP: 43/47 MP: 6/6
  3838 | D:5      | Entered Level 5 of the Dungeon
  4154 | D:5      | Found an ornate altar of the Wu Jian Council.
  4202 | D:5      | Found a runed translucent door.
  4203 | D:5      | Noticed Crazy Yiuf
  4228 | D:5      | Noticed a sky beast
  4241 | D:5      | Killed a sky beast
  4406 | D:5      | Reached skill level 7 in Axes
  4595 | D:5      | Noticed Sigmund
  4613 | D:5      | Killed Sigmund
  4614 | D:5      | Gained mutation: A weak demonic guardian rushes to your
                  | aid. [demonic ancestry]
  4614 | D:5      | Reached XP level 7. HP: 15/52 MP: 7/7
  4614 | D:5      | Quit the game

Illustrated notes

Levels and vault maps discovered:
D:1:      ebering_trefoil_3fold, layout_loops_ring, moated_statue, minivault_23
D:2:      layout_loops_cross, glass_columns_a, uniq_natasha
D:3:      layout_basic, ashenzari_altar_1, ebering_ecumenical_altar_sacrificial
D:4:      layout_basic
D:5:      layout_loops_corners, nicolae_overflow_hidden_temple,
          minmay_misc_feat_hallway, kennysheep_flooded_box, uniq_sigmund,
          uniq_eustachio, uniq_prince_ribbit1, uniq_crazy_yiuf_cottage

Skill      XL: |  1  2  3  4  5  6 |
---------------+-------------------+-----
Axes           | 3 4 5 6 7 |  7.7
Fighting       | |  3.0
Armour         | |  1.7
Dodging        | |  1.7

Action                   |  1- 3 |  4- 6 |  7- 9 || total
-------------------------+-------+-------+-------++-------
Melee: Hand axe          |    99 |   100 |       ||   199
       Flail             |       |    45 |       ||    45
Invok: Berserk           |     3 |     5 |       ||     8
 Stab: Sleeping          |     1 |       |       ||     1
Armor: Animal skin       |    20 |       |       ||    20
       Ring mail         |    13 |    42 |       ||    55
       Chain mail        |       |    36 |       ||    36
Dodge: Dodged            |    55 |    83 |       ||   138

Table legend: (Time is in decaauts)
 A = Elapsed time spent in this place.
 B = Non-inter-level travel time spent in this place.
 C = Inter-level travel time spent in this place.
 D = Time resting spent in this place.
 E = Time spent auto-exploring this place.
 F = Levels seen in this place.
 G = Mean time per level.
                   A        B        C        D        E       F      G
               +--------+--------+--------+--------+--------+-----+--------+
         Total |   4707 |   4540 |    167 |    610 |   3325 |   5 |  941.4 |
       Dungeon |   4707 |   4540 |    167 |    610 |   3325 |   5 |  941.4 |
               +--------+--------+--------+--------+--------+-----+--------+

Top non-repeatable levels by time:
     D:2: 1363 daAuts
     D:4: 1047 daAuts
     D:1: 933 daAuts
     D:5: 794 daAuts
     D:3: 569 daAuts
